TOP OF THE 1ST |
Penquannock Overrated Jeter batting - Pitching for Wilmington Rebels : RHP Fernando Fuentes
|
Pitching: RHP Fernando Fuentes
|
|
Batting: LHB Francisco Medina
|
0-0: Ball 1-0: Ball 2-0: Called Strike 2-1: Swinging Strike 2-2: Strikes out swinging
|
Batting: RHB Phil Wright
|
0-0: Ball 1-0: SOLO HOME RUN (Flyball, 7LD), Distance : 354 ft
|
Batting: LHB José Morales
|
0-0: Ball 1-0: Ball 2-0: Foul Ball, location: 2F 2-1: Ground out 4-3 (Groundball, 4)
|
Batting: LHB Félix Costa
|
0-0: Ball 1-0: Ball 2-0: Ball 3-0: Base on Balls
|
Batting: SHB Cristián López
|
0-0: Fielders Choice at 2nd, 6-4 (Groundball, 6)
|
Top of the 1st over - 1 run, 1 hit, 0 errors, 1 left on base; Penquannock 1 - Wilmington 0 |
BOTTOM OF THE 1ST |
Wilmington Rebels batting - Pitching for Penquannock Overrated Jeter : LHP Brian Gunther
|
Pitching: LHP Brian Gunther
|
|
Batting: RHB Guillermo González
|
0-0: Ball 1-0: Called Strike 1-1: Ball 2-1: Ground out 6-3 (Groundball, 6)
|
Batting: RHB Pedro Zavala
|
0-0: Foul Ball, location: 2F 0-1: Ball 1-1: Foul Ball, location: 2F 1-2: Foul Ball, location: 2F 1-2: Ball 2-2: Ball 3-2: Strikes out swinging
|
Batting: RHB Miguel Cervantes
|
0-0: Swinging Strike 0-1: Foul Ball, location: 2F 0-2: Foul Ball, location: 2F 0-2: Ball 1-2: Ball 2-2: Ground out 1-3 (Groundball, P)
|
Bottom of the 1st over - 0 runs, 0 hits, 0 errors, 0 left on base; Penquannock 1 - Wilmington 0 |
TOP OF THE 2ND |
Penquannock Overrated Jeter batting - Pitching for Wilmington Rebels : RHP Fernando Fuentes
|
Batting: RHB Manny Perea
|
0-0: Ball 1-0: Swinging Strike 1-1: Swinging Strike 1-2: Fly out, F7 (Flyball, 78M)
|
Batting: LHB Matt Reese
|
0-0: Ball 1-0: Ball 2-0: Called Strike 2-1: Ball 3-1: Fly out, F9 (Flyball, 9)
|
Batting: RHB Theodore Burns
|
0-0: Foul Ball, location: 2F 0-1: Ground out 4-3 (Groundball, 4)
|
Top of the 2nd over - 0 runs, 0 hits, 0 errors, 0 left on base; Penquannock 1 - Wilmington 0 |
BOTTOM OF THE 2ND |
Wilmington Rebels batting - Pitching for Penquannock Overrated Jeter : LHP Brian Gunther
|
Batting: RHB Henry Dawson
|
0-0: Swinging Strike 0-1: Foul Ball, location: 2F 0-2: Ball 1-2: Ball 2-2: Strikes out swinging
|
Batting: LHB Marv Alexander
|
0-0: Called Strike 0-1: Ball 1-1: Called Strike 1-2: Ball 2-2: Ball 3-2: SINGLE (Line Drive, 78M)
|
Batting: LHB António Gutiérrez
|
0-0: Called Strike 0-1: Ball 1-1: Ball 2-1: Ball 3-1: Base on Balls Marv Alexander to second
|
Batting: RHB Pedro Sandoval
|
0-0: Ball Wild Pitch! Marv Alexander to third António Gutiérrez to second 1-0: Foul Ball, location: 2F 1-1: Foul Ball, location: 2F 1-2: Ball 2-2: Strikes out swinging
|
Batting: LHB Ivan Costello
|
0-0: Swinging Strike 0-1: Ball 1-1: Foul Ball, location: 2F 1-2: Foul Ball, location: 2F 1-2: Strikes out looking
|
Bottom of the 2nd over - 0 runs, 1 hit, 0 errors, 2 left on base; Penquannock 1 - Wilmington 0 |
TOP OF THE 3RD |
Penquannock Overrated Jeter batting - Pitching for Wilmington Rebels : RHP Fernando Fuentes
|
Batting: RHB Guillermo Gracía
|
0-0: Ball 1-0: Fly out, F8 (Flyball, 8RM)
|
Batting: LHB Francisco Medina
|
0-0: Called Strike 0-1: Swinging Strike 0-2: Ball 1-2: Strikes out swinging
|
Batting: RHB Phil Wright
|
0-0: Ball 1-0: SINGLE (Groundball, 4D)
|
Batting: LHB José Morales
|
0-0: Ball 1-0: Ball 2-0: Called Strike 2-1: Ball 3-1: Base on Balls Phil Wright to second
|
Batting: LHB Félix Costa
|
0-0: Ball 1-0: Swinging Strike 1-1: Foul Ball, location: 2F 1-2: Ball 2-2: Ball 3-2: Foul Ball, location: 2F 3-2: Strikes out swinging
|
Top of the 3rd over - 0 runs, 1 hit, 0 errors, 2 left on base; Penquannock 1 - Wilmington 0 |
BOTTOM OF THE 3RD |
Wilmington Rebels batting - Pitching for Penquannock Overrated Jeter : LHP Brian Gunther
|
Batting: RHB Brian McCoy
|
0-0: Called Strike 0-1: Called Strike 0-2: Hit by Pitch
|
Batting: RHB Guillermo González
|
0-0: Ball 1-0: SINGLE (Line Drive, 7LM) Brian McCoy to second
|
Batting: RHB Pedro Zavala
|
0-0: Foul Ball, location: 2F 0-1: Foul Ball, location: 2F 0-2: Ball 1-2: Ball 2-2: Grounds into double play, 6-4-3 (Groundball, 6) Brian McCoy to third
|
Batting: RHB Miguel Cervantes
|
0-0: Ball 1-0: Ball 2-0: Called Strike 2-1: Ball 3-1: Called Strike 3-2: Fly out, F9 (Flyball, 89M)
|
Bottom of the 3rd over - 0 runs, 1 hit, 0 errors, 1 left on base; Penquannock 1 - Wilmington 0 |
TOP OF THE 4TH |
Penquannock Overrated Jeter batting - Pitching for Wilmington Rebels : RHP Fernando Fuentes
|
Batting: SHB Cristián López
|
0-0: Foul Ball, location: 2F 0-1: Called Strike 0-2: Strikes out swinging
|
Batting: RHB Manny Perea
|
0-0: Ball 1-0: Called Strike 1-1: Ground out 6-3 (Groundball, 6M)
|
Batting: LHB Matt Reese
|
0-0: Ball 1-0: Swinging Strike 1-1: Ball 2-1: Foul Ball, location: 2F 2-2: Ball 3-2: Base on Balls
|
Batting: RHB Theodore Burns
|
0-0: Ball 1-0: Called Strike 1-1: Ball 2-1: SINGLE (Groundball, 23) (infield hit) Matt Reese to second
|
Batting: RHB Guillermo Gracía
|
0-0: Ball 1-0: Ground out 4-3 (Groundball, 4M)
|
Top of the 4th over - 0 runs, 1 hit, 0 errors, 2 left on base; Penquannock 1 - Wilmington 0 |
BOTTOM OF THE 4TH |
Wilmington Rebels batting - Pitching for Penquannock Overrated Jeter : LHP Brian Gunther
|
Batting: RHB Henry Dawson
|
0-0: Called Strike 0-1: Ball 1-1: Ground out 5-3 (Groundball, 5L)
|
Batting: LHB Marv Alexander
|
0-0: Ball 1-0: Foul Ball, location: 2F 1-1: Foul Ball, location: 2F 1-2: Ball 2-2: DOUBLE (Flyball, 9LD)
|
Batting: LHB António Gutiérrez
|
0-0: Ball 1-0: Ball 2-0: Called Strike 2-1: Ground out 4-3 (Groundball, 4) Marv Alexander to third
|
Batting: RHB Pedro Sandoval
|
0-0: Ball 1-0: SINGLE (Line Drive, 56D) Marv Alexander scores
|
Batting: LHB Ivan Costello
|
0-0: Foul Ball, location: 2F 0-1: Ball 1-1: Ball 2-1: SINGLE (Line Drive, 78M) Pedro Sandoval to second
|
Batting: RHB Brian McCoy
|
0-0: Ball 1-0: Ball 2-0: SINGLE (Line Drive, 56) Pedro Sandoval to third Ivan Costello to second
|
Pitching: RHP Dave Funk
|
|
Batting: RHB Guillermo González
|
0-0: Ground out 4-3 (Groundball, 4)
|
Bottom of the 4th over - 1 run, 4 hits, 0 errors, 3 left on base; Penquannock 1 - Wilmington 1 |
TOP OF THE 5TH |
Penquannock Overrated Jeter batting - Pitching for Wilmington Rebels : RHP Fernando Fuentes
|
Batting: LHB Francisco Medina
|
0-0: Called Strike 0-1: Ball 1-1: Called Strike 1-2: Fly out, F7 (Flyball, 7)
|
Batting: RHB Phil Wright
|
0-0: Ground out 3-1 (Groundball, 34S)
|
Batting: LHB José Morales
|
0-0: Ball 1-0: SINGLE (Flyball, 8LS)
|
Batting: LHB Félix Costa
|
0-0: Called Strike 0-1: Swinging Strike 0-2: Ball 1-2: Ball 2-2: Strikes out swinging
|
Top of the 5th over - 0 runs, 1 hit, 0 errors, 1 left on base; Penquannock 1 - Wilmington 1 |
BOTTOM OF THE 5TH |
Wilmington Rebels batting - Pitching for Penquannock Overrated Jeter : RHP Dave Funk
|
Batting: RHB Pedro Zavala
|
0-0: Fly out, F7 (Flyball, 7)
|
Batting: RHB Miguel Cervantes
|
0-0: Called Strike 0-1: Fly out, F7 (Flyball, 7S)
|
Batting: RHB Henry Dawson
|
0-0: Called Strike 0-1: Ball 1-1: Fly out, F8 (Flyball, 8LS)
|
Bottom of the 5th over - 0 runs, 0 hits, 0 errors, 0 left on base; Penquannock 1 - Wilmington 1 |
TOP OF THE 6TH |
Penquannock Overrated Jeter batting - Pitching for Wilmington Rebels : RHP Fernando Fuentes
|
Batting: SHB Cristián López
|
0-0: Ball 1-0: SOLO HOME RUN (Flyball, 9LD), Distance : 356 ft
|
Batting: RHB Manny Perea
|
0-0: Ball 1-0: Swinging Strike 1-1: Ball 2-1: SINGLE (Line Drive, 78M)
|
Batting: LHB Matt Reese
|
0-0: Ball 1-0: Ball 2-0: Called Strike 2-1: Ball 3-1: Called Strike 3-2: Base on Balls Manny Perea to second
|
Pitching: RHP Leonardo De La Garza
|
|
Batting: RHB Theodore Burns
|
0-0: Swinging Strike 0-1: Foul Ball, location: 2F 0-2: Ball 1-2: Ball 2-2: Ball 3-2: Base on Balls Manny Perea to third Matt Reese to second
|
Batting: RHB Guillermo Gracía
|
0-0: Ball 1-0: Foul Ball, location: 2F 1-1: Fly out, F8 (Flyball, 8RD) Runner from 3rd tags up, SCORES, throw made
|
Batting: LHB Francisco Medina
|
0-0: Ball 1-0: Ball 2-0: Foul Ball, location: 2F 2-1: Ball 3-1: Foul Ball, location: 2F 3-2: SINGLE (Groundball, 13S) (infield hit) Matt Reese to third Theodore Burns to second
|
Batting: RHB Phil Wright
|
0-0: Fly out, F9 (Flyball, 9S)
|
Batting: LHB José Morales
|
0-0: Foul Ball, location: 2F 0-1: Ball 1-1: Ball 2-1: Ground out 6-3 (Groundball, 6S)
|
Top of the 6th over - 2 runs, 3 hits, 0 errors, 3 left on base; Penquannock 3 - Wilmington 1 |
BOTTOM OF THE 6TH |
Wilmington Rebels batting - Pitching for Penquannock Overrated Jeter : RHP Dave Funk
|
Batting: LHB Marv Alexander
|
0-0: Ball 1-0: Ball 2-0: Called Strike 2-1: Called Strike 2-2: DOUBLE (Groundball, 3L)
|
Batting: LHB António Gutiérrez
|
0-0: Swinging Strike 0-1: Ball 1-1: Foul Ball, location: 2F 1-2: Foul Ball, location: 2F 1-2: Ball 2-2: Ball 3-2: Base on Balls
|
Batting: RHB Pedro Sandoval
|
0-0: Ball 1-0: Ball 2-0: Ball 3-0: Base on Balls Marv Alexander to third António Gutiérrez to second
|
Batting: LHB Ivan Costello
|
0-0: Ball 1-0: Swinging Strike 1-1: Ball 2-1: Foul Ball, location: 2F 2-2: Strikes out swinging
|
Batting: RHB Brian McCoy
|
0-0: SINGLE (Flyball, 9S) Marv Alexander scores António Gutiérrez to third Pedro Sandoval to second
|
Batting: RHB Guillermo González
|
0-0: Foul Ball, location: 2F 0-1: Foul Ball, location: 2F 0-2: Foul Ball, location: 2F 0-2: Ball 1-2: Ball 2-2: Strikes out swinging
|
Batting: RHB Pedro Zavala
|
0-0: Ball 1-0: Ball 2-0: Hit by Pitch António Gutiérrez scores Pedro Sandoval to third Brian McCoy to second
|
Batting: RHB Miguel Cervantes
|
0-0: Ball 1-0: Called Strike 1-1: Ball 2-1: Ball 3-1: Called Strike 3-2: Foul Ball, location: 2F 3-2: Ground out 6-3 (Groundball, 6)
|
Bottom of the 6th over - 2 runs, 2 hits, 0 errors, 3 left on base; Penquannock 3 - Wilmington 3 |
TOP OF THE 7TH |
Penquannock Overrated Jeter batting - Pitching for Wilmington Rebels : RHP Leonardo De La Garza
|
Pitching: LHP Alan Baca
|
|
Batting: LHB Félix Costa
|
0-0: Ball 1-0: Swinging Strike 1-1: Ball 2-1: Ball 3-1: Ground out 4-3 (Groundball, 4)
|
Pitching: RHP Ramón Alaniz
|
|
Batting: SHB Cristián López
|
0-0: Ball 1-0: Called Strike 1-1: Ball 2-1: Swinging Strike 2-2: Strikes out swinging
|
Batting: RHB Manny Perea
|
0-0: Ball 1-0: Foul Ball, location: 2F 1-1: Reached via error on a dropped throw, E3
|
Pitching: LHP Brian Hodges
|
|
Batting: LHB Matt Reese
|
0-0: Ball 1-0: Swinging Strike 1-1: Ball 2-1: Swinging Strike 2-2: Foul Ball, location: 2F 2-2: Ball 3-2: Strikes out swinging
|
Top of the 7th over - 0 runs, 0 hits, 1 error, 1 left on base; Penquannock 3 - Wilmington 3 |
BOTTOM OF THE 7TH |
Wilmington Rebels batting - Pitching for Penquannock Overrated Jeter : RHP Dave Funk
|
Batting: RHB Henry Dawson
|
0-0: Ball 1-0: Foul Ball, location: 2F 1-1: Called Strike 1-2: SOLO HOME RUN (Flyball, 7D), Distance : 376 ft
|
Batting: LHB Marv Alexander
|
0-0: Ball 1-0: Called Strike 1-1: Ground out 4-3 (Groundball, 4)
|
Batting: LHB António Gutiérrez
|
0-0: Swinging Strike 0-1: Called Strike 0-2: SINGLE (Line Drive, 7LS)
|
Batting: RHB Pedro Sandoval
|
0-0: 2-RUN HOME RUN (Flyball, 7LD), Distance : 365 ft
|
Batting: LHB Ivan Costello
|
0-0: Called Strike 0-1: SINGLE (Line Drive, 9LS)
|
Batting: RHB Brian McCoy
|
0-0: Ground out 6-3 (Groundball, 6S) Ivan Costello to second
|
Pitching: RHP Gilbert Bright
|
|
Batting: RHB Guillermo González
|
0-0: Ball 1-0: Fly out, F9 (Flyball, 9S)
|
Bottom of the 7th over - 3 runs, 4 hits, 0 errors, 1 left on base; Penquannock 3 - Wilmington 6 |
TOP OF THE 8TH |
Penquannock Overrated Jeter batting - Pitching for Wilmington Rebels : LHP Brian Hodges
|
Pitching: RHP Ben Hepworth
|
|
Batting: RHB Theodore Burns
|
0-0: Ball 1-0: Ball 2-0: Called Strike 2-1: Foul Ball, location: 2F 2-2: Strikes out swinging
|
Batting: RHB Guillermo Gracía
|
0-0: Swinging Strike 0-1: Swinging Strike 0-2: Foul Ball, location: 2F 0-2: Foul Ball, location: 2F 0-2: Strikes out swinging
|
Batting: LHB Francisco Medina
|
0-0: Foul Ball, location: 2F 0-1: Foul Ball, location: 2F 0-2: Ball 1-2: Foul Ball, location: 2F 1-2: Hit by Pitch
|
Batting: RHB Phil Wright
|
0-0: Swinging Strike 0-1: Swinging Strike 0-2: Strikes out swinging
|
Top of the 8th over - 0 runs, 0 hits, 0 errors, 1 left on base; Penquannock 3 - Wilmington 6 |
BOTTOM OF THE 8TH |
Wilmington Rebels batting - Pitching for Penquannock Overrated Jeter : RHP Gilbert Bright
|
Batting: RHB Pedro Zavala
|
0-0: Called Strike 0-1: Swinging Strike 0-2: Ball 1-2: Strikes out swinging
|
Batting: RHB Miguel Cervantes
|
0-0: Called Strike 0-1: Fly out, F8 (Flyball, 78D)
|
Batting: RHB Henry Dawson
|
0-0: Ball 1-0: Called Strike 1-1: Called Strike 1-2: SINGLE (Groundball, 6MD)
|
Batting: LHB Marv Alexander
|
0-0: Ball 1-0: Called Strike 1-1: Foul Ball, location: 2F 1-2: Foul Ball, location: 2F 1-2: SINGLE (Groundball, 34D) Henry Dawson to second Runner from 2nd tries for 3rd, SAFE, throw made to third
|
Batting: LHB António Gutiérrez
|
0-0: Called Strike 0-1: Ball 1-1: Called Strike 1-2: Ball 2-2: Foul Ball, location: 2F 2-2: Strikes out swinging
|
Bottom of the 8th over - 0 runs, 2 hits, 0 errors, 2 left on base; Penquannock 3 - Wilmington 6 |
TOP OF THE 9TH |
Penquannock Overrated Jeter batting - Pitching for Wilmington Rebels : RHP Ben Hepworth
|
Pitching: RHP Esteban Ramírez
|
|
Batting: LHB José Morales
|
0-0: Ground out 4-3 (Groundball, 4)
|
Batting: LHB Félix Costa
|
0-0: Ball 1-0: Ball 2-0: Called Strike 2-1: Ball 3-1: Base on Balls
|
Batting: SHB Cristián López
|
0-0: Ball 1-0: SINGLE (Line Drive, 8RM) Félix Costa to second
|
Batting: RHB Manny Perea
|
0-0: Called Strike 0-1: Ball 1-1: Ball 2-1: Fly out, F9 (Line Drive, 9)
|
Batting: LHB Matt Reese
|
0-0: Swinging Strike 0-1: Ball 1-1: Fly out, F9 (Flyball, 9S)
|
Top of the 9th over - 0 runs, 1 hit, 0 errors, 2 left on base; Penquannock 3 - Wilmington 6 |
|